 Dungeon Crawl Stone Soup version 0.28.0 (webtiles) character file.

Game seed: 2391445772725718011

12901 AmazingTV the Covert (level 11, -22/58 HPs)
             Began as a Spriggan Brigand on June 30, 2022.
             Was a Priest of Trog.
             Engulfed by a fire crab (shapeshifter)'s flame (37 damage)
             ... on level 9 of the Dungeon.
             The game lasted 01:34:29 (21425 turns).

AmazingTV the Covert (Spriggan Brigand)            Turns: 21425, Time: 01:34:29

Health: -22/58     AC:  7    Str:  9    XL:     11   Next: 68%
Magic:  12/12      EV: 25    Int: 18    God:    Trog [***...]
Gold:   212        SH:  4    Dex: 20    Spells: 10/10 levels left

rFire   . . .      SeeInvis +   a - +2 short sword (venom) {short}
rCold   . . .      Faith    .   (no shield)
rNeg    + . .      Spirit   .   I - +1 steam dragon scales
rPois   .          Reflect  .   (helmet restricted)
rElec   .          Harm     .   c - +0 cloak
rCorr   .          Rampage  .   (gloves unavailable)
Will    ++...                   (boots unavailable)
Stlth   ++++++....              H - amulet of regeneration
HPRegen 0.99/turn               B - +6 ring of intelligence
MPRegen 0.13/turn               O - ring of positive energy

@: on berserk cooldown, slowed, quick
A: very small, no large weapons, unfitting armour, see invisible, speed 3, large
bone plates 1, strong-willed 1, screaming 1
a: Renounce Religion, Berserk, Trog's Hand


You were on level 9 of the Dungeon.
You worshipped Trog.
Trog was most pleased with you.
You visited 2 branches of the dungeon, and saw 10 of its levels.
You also visited: Bailey.

You collected 590 gold pieces.
You spent 378 gold pieces at shops.


Innate Abilities, Weirdness & Mutations

You are very small and have problems with some larger weapons.
You are too small for most types of armour.
You have supernaturally acute eyesight. (SInv)
You cover ground extremely quickly. (Speed+++)
You are partially covered in large bone plates. (SH +4)
You are strong-willed. (Will+)
You occasionally shout uncontrollably at your foes.


   Skills:
 + Level 7.4 Fighting
 + Level 9.6(10.4) Short Blades
 + Level 4.6(6.6) Long Blades
 - Level 7.4(8.0) Slings
 + Level 4.4 Bows
 - Level 3.5(5.3) Throwing
 - Level 10.0 Dodging
 - Level 13.0 Stealth


You had 10 spell levels left.
You didn't know any spells.
Your spell library contained the following spells:

 Spells                   Type           Power      Damage    Failure   Level
 Foxfire                  Conj/Fire      0%         2x1d4     22%         1
 Conjure Flame            Conj/Fire      0%         6-21      54%         3
 Dazzling Flash           Conj/Hex       0%         N/A       54%         3
 Inner Flame              Hex/Fire       0%         N/A       54%         3
 Portal Projectile        Hex/Tloc       0%         N/A       54%         3
 Flame Wave               Conj/Fire      0%         2d4       91%         4
 Iskenderun's Mystic Bla  Conj/Tloc      0%         2d3       91%         4
 Summon Ice Beast         Ice/Summ       0%         N/A       91%         4
 Blade Hands              Tmut           0%         N/A       99%         5
 Excruciating Wounds      Necr           0%         N/A       99%         5
 Summon Mana Viper        Hex/Summ       0%         N/A       99%         5
 Starburst                Conj/Fire      0%         6d3       100%        6
 Monstrous Menagerie      Summ           0%         N/A       100%        7

Inventory:

Hand Weapons
 a - a +2 short sword of venom (weapon) {short}
   (You found it on level 4 of the Dungeon)
 b - a +4 shortbow of freezing {bow}
   (You took it off a centaur on level 9 of the Dungeon)
 d - the +8 woodcutter's axe {vorpal}
   (You found it on level 4 of the Dungeon)

   It inflicts extra damage upon your enemies.
 i - a +6 hand axe {axe}
   (You took it off a hobgoblin in a bailey)
 l - a +0 scimitar of flaming {long}
   (You took it off Erica on level 9 of the Dungeon)
 n - a +2 dagger {short}
 F - a +0 rapier {short}
   (You took it off Eustachio on level 5 of the Dungeon)
 J - a +2 vampiric dagger {short}
   (You took it off an orc wizard on level 6 of the Dungeon)
 Q - a +4 short sword {short}
   (You took it off a wight on level 8 of the Dungeon)
Missiles
 e - 2 curare-tipped darts {=f}
 f - 265 stones
 h - 31 sling bullets
 j - 3 throwing nets {=f!f}
 v - 154 arrows
 w - 12 poisoned darts (quivered)
 y - 30 bolts
Armour
 c - a +0 cloak (worn)
 x - the +1 robe of Toasom {+Blink Fly Str+3}
   (You found it on level 9 of the Dungeon)

   Str:       It affects your strength (+3).
   Fly:       It grants you flight.
   +Blink:    It lets you blink.
 G - a +2 robe of willpower
   (You took it off Erica on level 9 of the Dungeon)
 I - +1 steam dragon scales (worn)
   (You found it on level 6 of the Dungeon)
Jewellery
 u - a ring of magical power
   (You took it off a gnoll on level 7 of the Dungeon)
 B - a +6 ring of intelligence (left hand)
   (You found it on level 5 of the Dungeon)
 H - an amulet of regeneration (around neck)
   (You found it on level 6 of the Dungeon)
 K - an amulet of guardian spirit
   (You found it on level 7 of the Dungeon)
 O - a ring of positive energy (right hand)
   (You found it in a bailey)
Wands
 k - a wand of digging (4)
   (You took it off Jessica on level 2 of the Dungeon)
 A - a wand of flame (11)
   (You found it on level 9 of the Dungeon)
 C - a wand of charming (25)
   (You took it off Ijyb on level 5 of the Dungeon)
 L - a wand of acid (10)
   (You found it on level 7 of the Dungeon)
Scrolls
 m - 2 scrolls of enchant weapon
 o - a scroll of vulnerability {unknown}
 p - 9 scrolls of teleportation {@r4}
 E - 3 scrolls of blinking {!r}
 N - a scroll of amnesia {unknown}
 S - 3 scrolls of fog
Potions
 g - 3 potions of curing {@q1}
 q - 2 potions of haste {@q3}
 r - a potion of resistance
 s - a potion of magic {unknown}
 t - a potion of ambrosia
 z - a potion of invisibility {unknown}
 D - 2 potions of mutation {!q}
 R - a potion of brilliance {unknown}

Dungeon Overview and Level Annotations

Branches:
Dungeon (9/15)             Temple (1/1) D:6          Bailey (visited)
   Lair: D:8-11         Orc: D:9-12

Altars:
Cheibriados
Dithmenos
Elyvilon
Fedhas
Gozag
Hepliaklqana
Kikubaaqudgha
Makhleb
Nemelex Xobeh
Okawaru
Qazlal
Ru
Sif Muna
Trog
Uskayaw
Vehumet
Wu Jian
Xom
Yredelemnul
Zin
The Shining One

Shops:
D:3 *![[*   D:8 ?   D:9 =

Annotations:
D:6 Pikel

##........##.#.#.....)...#.
#######.###.#.#.#######.#. #.#
#.#.#.......).#. ##########.#
#.#.#)........#. #.......##.#
#.#.#.........#. #.#####.##.#
#.#.#...#.#...#. #.# #.##.#
#.#.#.........#.
#####.#####.##.###.#<#...#.#...#.
..............°°@....#.........#.
.####.....#.#°°○##.#.#.........#.
.# #########.°○○#.#.#.........#.
.# #°°t##.#.#.#######.#. .###
##.###.#.#.........#. ...#. #.#
#.#.#.........#. ####.. #.#
#.#.#''########.
...#...#######'###.#.#(........'.
####.c......#..)##.#.#.....)...'.


You could see a fire crab shaped shifter.


Message History

The meliai closely misses you.
The meliai completely misses you. 😎 HP[+29]
You now have 87 max hp (+29).
Your hp is fully restored (87).
You closely miss the kobold demonologist.
The kobold demonologist gestures wildly while chanting.
The meliai misses you. The meliai stings you. 😕 HP[-6]
You take 6 damage, and now have 81/87 hp.
You puncture the kobold demonologist!
The kobold demonologist looks as sick as possible!
You closely miss the kobold demonologist.
The meliai hits you!
The meliai stings you but does no damage. 😕 HP[-8]
You take 8 damage, and now have 73/87 hp.
You barely miss the kobold demonologist.
The kobold demonologist gestures wildly while chanting.
The meliai closely misses you. You block the meliai's attack.
You hit the kobold demonologist.
The kobold demonologist looks as sick as possible!
You hit the kobold demonologist.
The kobold demonologist looks as sick as possible!
The meliai completely misses you. The meliai closely misses you.
The rust devil completely misses you. 😕 HP[+1]
You hit the kobold demonologist but do no damage.
The kobold demonologist looks as sick as possible!
The meliai completely misses you. The meliai stings you.
You block the kobold demonologist's attack.
The ynoxinul gestures. 😕 HP[-2]
You take 2 damage, and now have 72/87 hp.
You barely miss the kobold demonologist.
The meliai barely misses you. The meliai misses you. 😕 HP[+1]
You hit the kobold demonologist.
The kobold demonologist looks as sick as possible!
The rust devil completely misses you. The kobold demonologist misses you.
The meliai misses you. x2
You hit the kobold demonologist.
The meliai changes into a fire crab! 😕 HP[+1]
You closely miss the kobold demonologist.
You hit the kobold demonologist.
You kill the kobold demonologist!
Trog accepts your kill.
Trog appreciates your killing of a magic user.
The rust devil disappears in a puff of smoke!
The ynoxinul disappears in a puff of smoke!
The ufetubus disappears in a puff of smoke! x2
The sixfirhy disappears in a puff of smoke!
The fire crab bites you!
You are engulfed in flames!
The fire crab closely misses you. 😮 HP[-23]
You take 23 damage, and now have 51/87 hp.
MASSIVE DAMAGE!! (PAUSE) 😮 HP[+1]
You feel a strong urge to attack something.
You are no longer berserk.
You are exhausted.
You feel yourself slow down. The fire crab breathes flames at you.
The blast of flame engulfs you. 😮 HP[-21]
You now have 58 max hp (-29).
You are engulfed in blazing flames.
* * * LOW HITPOINT WARNING * * *
😨 HP[-12]
You take 12 damage, and now have 19/58 hp.
MASSIVE DAMAGE!! (PAUSE)
You feel much better.
You are engulfed in blazing flames.
Ouch! That really hurt!
* * * LOW HITPOINT WARNING * * *
The fire crab breathes flames at you. The blast of flame misses you. 😨 HP[-4]
You take 4 damage, and now have 15/58 hp.
You feel much better.
You are engulfed in blazing flames.
* * * LOW HITPOINT WARNING * * *
The fire crab breathes flames at you. The blast of flame engulfs you.
* * * LOW HITPOINT WARNING * * *
😱 HP[-3]
You take 3 damage, and now have 12/58 hp. 😱 HP[+1]
You feel much better. 😮 HP[+20]
You regained 20 hp, and now have 33/58 hp.
The fire crab breathes flames at you. The blast of flame engulfs you!
* * * LOW HITPOINT WARNING * * *
😨 HP[-10]
You take 10 damage, and now have 23/58 hp.
You are engulfed in blazing flames.
* * * LOW HITPOINT WARNING * * *
😱 HP[-18]
You take 18 damage, and now have 5/58 hp.
MASSIVE DAMAGE!! (PAUSE)
You feel better.
You are engulfed in blazing flames.
Ouch! That really hurt!
You die...

Skill      XL: |  1  2  3  4  5  6  7  8  9 10 11 |
---------------+----------------------------------+-----
Stealth        | 6 7 8 9 11 13 | 13.0
Slings         | 1 2 3 4 5 7 |  7.4
Dodging        | 2 3 5 6 8 9 10 | 10.0
Fighting       | 2 3 4 5 6 7 |  7.4
Short Blades   | 3 4 5 7 8 9 |  9.6
Throwing       | 3 |  3.5
Long Blades    | 3 4 |  4.6
Bows           | 4 |  4.4

Action                   |  1- 3 |  4- 6 |  7- 9 | 10-12 || total
-------------------------+-------+-------+-------+-------++-------
Melee: Dagger            |   126 |   319 |       |       ||   445
       Punch             |       |     8 |    12 |    11 ||    31
       Short sword       |       |    42 |   453 |   378 ||   873
 Fire: Shortbow          |       |       |       |    93 ||    93
Throw: Dart              |    10 |    49 |    13 |    17 ||    89
       Throwing net      |       |       |       |     1 ||     1
Invok: Berserk           |       |       |       |     5 ||     5
  Use: Scroll            |     1 |     1 |     2 |    10 ||    14
       Potion            |       |     1 |       |     5 ||     6
 Stab: Sleeping          |     5 |     8 |    12 |    15 ||    40
       Distracted        |       |     2 |     7 |     1 ||    10
       Held in net/web   |       |       |       |     1 ||     1
Armor: Robe              |    25 |    22 |    18 |       ||    65
       Steam dragon scal |       |       |    26 |    29 ||    55
Dodge: Dodged            |    82 |   250 |   287 |   264 ||   883
Block: Other             |       |     3 |    70 |    45 ||   118

Levels and vault maps discovered:
D:1:      erik_arrival_orb_chamber, layout_basic
D:2:      layout_rooms, nrook_mini_backslash, kennysheep_generic_room_9,
          uniq_jessica, uniq_robin
D:3:      layout_basic, tgw_sif, nicolae_tso_besieged_by_evil, serial_shops,
          nicolae_shop_trees, shop, nicolae_shop_trees,
          nicolae_shop_competitors_out_of_business, nicolae_shop_crystal,
          nicolae_concentric_dashed_squares_mild
D:4:      layout_basic, amcnicky_altar_gilded
D:5:      layout_basic, mainiacjoe_overflow_brackets, grunt_ministairs_14,
          hex_medium, minmay_misc_feat_roman, uniq_ijyb, uniq_eustachio
D:6:      layout_loops_corners, nicolae_uskayaw_en_pointe, tgw_kikubaaqudgha,
          minmay_temple_entry_arrows, minmay_statues_item, uniq_pikel,
          uniq_menkaure
D:7:      minmay_opposing_rooms, layout_basic, nicolae_vehumet_radiance,
          uniq_duvessa
D:8:      layout_basic, serial_shops, nicolae_shop_advertising_works
          [nicolae_subvault_shop_adworks], enter_bailey_6, uniq_harold
D:9:      minmay_shrinking_squares, layout_loops_corners, doesnt_xom_only_xom,
          nemelex_diamond_rough_becter, serial_shops, nicolae_stop_n_shop_1,
          hellmonk_guarded_unrand_dark_maul, uniq_erica
Temple:   nicolae_temple_hex_pool

Notes
Turn   | Place    | Note
-------+----------+-------------------------------------------
     0 | D:1      | AmazingTV the Spriggan Brigand began the quest for the Orb.
     0 | D:1      | Reached XP level 1. HP: 10/10 MP: 2/2
     0 | D:1      | magus.rc [v1.9.6]
   244 | D:1      | Reached XP level 2. HP: 12/15 MP: 3/3
   348 | D:1      | Reached skill level 6 in Stealth
   697 | D:1      | Reached skill level 1 in Slings
   761 | D:1      | Reached skill level 2 in Dodging
   761 | D:1      | Reached XP level 3. HP: 9/18 MP: 4/4
  1083 | D:1      | You fall into a shaft and drop 1 floor!
  1101 | D:2      | HP: 4/18 [adder (1)]
  1107 | D:2      | Noticed Jessica
  1111 | D:2      | Noticed Robin
  2615 | D:2      | Killed Jessica
  2616 | D:2      | Reached skill level 2 in Fighting
  2616 | D:2      | Reached XP level 4. HP: 23/23 MP: 5/5
  2716 | D:2      | Killed Robin
  2716 | D:2      | HP: 1/23 [goblin[Robin] (5)]
  3068 | D:2      | Reached skill level 3 in Short Blades
  3648 | D:3      | Reached skill level 2 in Slings
  3720 | D:3      | Found Xutran's Armour Emporium.
  3756 | D:3      | HP: 4/23 [gnoll shaman (11)]
  4135 | D:3      | Reached XP level 5. HP: 12/26 MP: 6/6
  4656 | D:3      | HP: 3/27 [gnoll (8)]
  5281 | D:3      | Reached skill level 3 in Throwing
  5300 | D:3      | Reached skill level 3 in Dodging
  5747 | D:3      | Reached skill level 7 in Stealth
  5747 | D:3      | Reached XP level 6. HP: 32/32 MP: 7/7
  5783 | D:3      | Found Asmeel's Armour Shoppe.
  5811 | D:3      | Found a glowing golden altar of the Shining One.
  5969 | D:3      | Found Coumaurch's Assorted Antiques.
  6341 | D:3      | Found a shimmering blue altar of Sif Muna.
  6425 | D:3      | Found Basew's Distillery.
  6439 | D:3      | Bought a potion of might for 56 gold pieces
  6439 | D:3      | Bought a potion of attraction for 42 gold pieces
  6892 | D:3      | Found Dokihiat's General Store.
  7195 | D:3      | Reached skill level 3 in Slings
  7697 | D:4      | You pick up a book of Weapons and begin reading...
  7697 | D:4      | You add the spells Portal Projectile, Excruciating Wounds
                  | and Blade Hands to your library.
  7834 | D:4      | Found the +8 woodcutter's axe {vorpal}
  8114 | D:4      | Gained mutation: You occasionally shout uncontrollably at
                  | your foes. [potion of mutation]
  8114 | D:4      | Gained mutation: You are strong-willed. (Will+) [potion of
                  | mutation]
  8114 | D:4      | Gained mutation: You are partially covered in large bone
                  | plates. (SH +4) [potion of mutation]
  8571 | D:4      | Reached XP level 7. HP: 35/35 MP: 8/8
  8583 | D:4      | Reached skill level 3 in Fighting
  8600 | D:4      | Found a glowing silver altar of Zin.
  8630 | D:4      | Reached skill level 4 in Short Blades
  8630 | D:4      | Reached skill level 4 in Dodging
  9164 | D:5      | Entered Level 5 of the Dungeon
  9411 | D:5      | Noticed Eustachio
  9554 | D:5      | Reached skill level 8 in Stealth
  9896 | D:5      | Reached skill level 4 in Slings
  9962 | D:5      | Noticed Ijyb
  9990 | D:5      | Killed Ijyb
 10388 | D:5      | Found a burning altar of Makhleb.
 10612 | D:5      | Reached skill level 5 in Dodging
 10628 | D:5      | HP: 9/36 [poisoned by a gnoll sergeant]
 10932 | D:5      | Reached XP level 8. HP: 21/41 MP: 9/9
 11532 | D:5      | Killed Eustachio
 11533 | D:5      | Reached skill level 5 in Short Blades
 11751 | D:6      | Noticed a +0 falchion
 11751 | D:6      | Noticed a +0 short sword
 11752 | D:6      | Noticed a +0 dagger
 11753 | D:6      | Noticed a +0 spear
 11755 | D:6      | Noticed a +0 dagger
 11764 | D:6      | Reached skill level 5 in Slings
 11766 | D:6      | Reached skill level 9 in Stealth
 11766 | D:6      | Noticed a +0 short sword
 11771 | D:6      | Noticed a +0 falchion
 11773 | D:6      | Noticed a +0 spear
 11777 | D:6      | Found a hide-covered altar of Uskayaw.
 11847 | D:6      | Reached skill level 4 in Fighting
 12060 | D:6      | Noticed Menkaure
 12062 | D:6      | Killed Menkaure
 12063 | D:6      | Reached skill level 6 in Dodging
 12133 | D:6      | Noticed Pikel
 12148 | D:6      | HP: 9/42 [black bear (2)]
 12964 | D:6      | Found a staircase to the Ecumenical Temple.
 12970 | Temple   | Entered the Ecumenical Temple
 13052 | Temple   | Became a worshipper of Trog the Wrathful
 13801 | D:6      | Reached XP level 9. HP: 46/46 MP: 10/10
 13839 | D:6      | Reached skill level 6 in Short Blades
 13839 | D:6      | Reached skill level 6 in Slings
 13903 | D:6      | Reached skill level 10 in Stealth
 14180 | D:6      | Found an ancient bone altar of Kikubaaqudgha.
 14420 | D:7      | Found a radiant altar of Vehumet.
 14495 | D:7      | Reached skill level 7 in Dodging
 14731 | D:7      | Noticed a manticore
 14743 | D:7      | Killed a manticore
 14744 | D:7      | Reached skill level 5 in Fighting
 14784 | D:7      | Noticed Duvessa
 14785 | D:7      | Noticed Dowan
 14805 | D:7      | Killed Duvessa
 14823 | D:7      | Killed Dowan
 14872 | D:7      | Noticed a purple ugly thing
 15174 | D:7      | Reached skill level 7 in Slings
 15314 | D:7      | Reached skill level 11 in Stealth
 15319 | D:7      | Reached * piety under Trog
 15320 | D:7      | Reached skill level 7 in Short Blades
 15320 | D:7      | Reached skill level 8 in Dodging
 15323 | D:7      | Paralysed by a hornet for 1 turns
 15988 | D:7      | Reached XP level 10. HP: 51/51 MP: 11/11
 16277 | D:7      | Killed a purple ugly thing
 16463 | D:8      | Noticed Harold
 16596 | D:8      | Found Dedat's Magic Scroll Shop.
 16605 | D:8      | You pick up a book of Flames {forbidden} and begin
                  | reading...
 16605 | D:8      | You add the spells Foxfire, Conjure Flame, Inner Flame and
                  | Flame Wave to your library.
 16666 | D:8      | Reached skill level 1 in Long Blades
 17085 | D:8      | Found a flagged portal.
 17095 | Bailey   | Entered a bailey
 17211 | Bailey   | Reached ** piety under Trog
 17397 | Bailey   | Reached skill level 12 in Stealth
 17405 | Bailey   | Reached skill level 9 in Dodging
 17424 | Bailey   | Reached skill level 6 in Fighting
 17563 | Bailey   | Reached skill level 2 in Long Blades
 17603 | Bailey   | Noticed a vault guard
 17625 | Bailey   | Noticed Prince Ribbit
 17723 | Bailey   | Killed a vault guard
 17724 | Bailey   | Reached skill level 8 in Short Blades
 17754 | Bailey   | Killed Prince Ribbit
 17767 | Bailey   | Noticed a vault guard
 17875 | Bailey   | Killed a vault guard
 17968 | Bailey   | Reached skill level 3 in Long Blades
 18384 | D:8      | Killed Harold
 18385 | D:8      | Reached skill level 13 in Stealth
 18385 | D:8      | Reached XP level 11. HP: 35/58 MP: 12/12
 18542 | D:8      | You pick up a book of Spectacle {forbidden} and begin
                  | reading...
 18542 | D:8      | You add the spells Dazzling Flash, Iskenderun's Mystic
                  | Blast and Starburst to your library.
 18567 | D:8      | Bought a scroll of teleportation for 33 gold pieces
 18567 | D:8      | Bought a scroll of teleportation for 33 gold pieces
 18567 | D:8      | Bought a scroll of blinking for 82 gold pieces
 18567 | D:8      | Bought 3 scrolls of fog for 66 gold pieces
 18567 | D:8      | Bought a scroll of teleportation for 33 gold pieces
 18567 | D:8      | Bought a scroll of noise for 11 gold pieces
 18567 | D:8      | Bought a scroll of identify for 22 gold pieces
 18925 | D:9      | Reached skill level 10 in Dodging
 19112 | D:9      | Reached *** piety under Trog
 19134 | D:9      | Identified the +1 robe of Toasom {+Blink Fly Str+3}
 19141 | D:9      | Found a glowing golden altar of the Shining One.
 19143 | D:9      | Found a shimmering altar of Xom.
 19143 | D:9      | Found an iron altar of Okawaru.
 19145 | D:9      | Found a sparkling altar of Nemelex Xobeh.
 19145 | D:9      | Found a hazy altar of Hepliaklqana.
 19145 | D:9      | Found a snail-covered altar of Cheibriados.
 19474 | D:9      | Found Oduschuys's Jewellery Shop.
 19603 | D:9      | Found a sparkling altar of Nemelex Xobeh.
 19637 | D:9      | Noticed a centaur warrior
 19637 | D:9      | Noticed a skeletal warrior
 19637 | D:9      | Noticed a boulder beetle
 19637 | D:9      | Noticed Erica
 19786 | D:9      | Reached skill level 1 in Bows
 20448 | D:9      | Reached skill level 9 in Short Blades
 20448 | D:9      | Reached skill level 2 in Bows
 20614 | D:9      | HP: 19/87 [centaur warrior (12)]
 20616 | D:9      | HP: 6/87 [centaur warrior (14)]
 20618 | D:9      | Killed a centaur warrior
 20619 | D:9      | Reached skill level 7 in Fighting
 20764 | D:9      | magus.rc [v1.9.6]
 20789 | D:9      | Noticed a two-headed ogre
 20789 | D:9      | a two-headed ogre comes into view. It is wielding the +10
                  | dark maul {vorpal} and a +0 giant club.
 20833 | D:9      | Killed a two-headed ogre
 20834 | D:9      | Reached skill level 4 in Long Blades
 20834 | D:9      | Reached skill level 3 in Bows
 20907 | D:9      | You pick up a book of Beasts {forbidden} and begin
                  | reading...
 20907 | D:9      | You add the spells Summon Ice Beast, Summon Mana Viper and
                  | Monstrous Menagerie to your library.
 21279 | D:9      | Killed Erica
 21280 | D:9      | Reached skill level 4 in Bows
 21328 | D:9      | Killed a boulder beetle
 21407 | D:9      | Noticed a sixfirhy
 21412 | D:9      | Noticed a fire crab
 21412 | D:9      | a meliai changed into a fire crab
 21419 | D:9      | HP: 14/58 [fire crab (shapeshifter)] (32)]
 21424 | D:9      | HP: 4/58 [fire crab (shapeshifter)] (19)]
 21425 | D:9      | Engulfed by a fire crab (shapeshifter)'s flame

Vanquished Creatures
  A boulder beetle (D:9)
  Harold (D:8)
  2 vault guards (Bailey)
  A centaur warrior (D:9)
  Erica (D:9)
  A two-headed ogre (D:9)
  A manticore (D:7)
  An ugly thing (D:7)
  2 cyclopes (D:9)
  A kobold demonologist (D:9)
  A hornet (D:7)
  Prince Ribbit (Bailey)
  A shadow (D:7)
  4 yaks (D:9)
  Eustachio (D:5)
  2 steam dragons
  4 humans (Bailey)
  Menkaure (D:6)
  A water moccasin (D:9)
  Duvessa (D:7)
  3 orc warriors
  2 sky beasts
  3 black bears
  An ogre (D:4)
  4 centaurs
  A kobold brigand (D:6)
  11 bullfrogs
  A scorpion (D:4)
  A wyvern zombie (D:6)
  3 gnoll sergeants
  Dowan (D:7)
  3 killer bees (D:8)
  2 howler monkeys (D:9)
  13 wights
  A jelly (D:6)
  A crimson imp (D:5)
  3 centaur zombies
  5 orc priests
  3 gnoll shamans
  2 bullfrog skeletons
  Ijyb (D:5)
  Jessica (D:2)
  5 iguanas
  A centaur skeleton (D:4)
  11 orc wizards
  A hound zombie (D:5)
  3 hound skeletons
  2 howler monkey zombies
  Robin (D:2)
  35 gnolls
  5 adders
  A shadow imp (D:6)
  5 white imps
  A worm (D:2)
  3 dart slugs
  43 orcs
  3 endoplasms
  2 giant cockroaches
  18 goblins
  12 hobgoblins
  6 jackals
  2 quokkas
  2 ball pythons
  4 bats
  2 frilled lizards
  A goblin skeleton (D:3)
  3 goblin zombies (D:3)
  2 hobgoblin zombies (D:3)
  10 kobolds
  2 kobold zombies (D:3)
  An orc skeleton (D:3)
  An orc zombie (D:3)
  3 rats
286 creatures vanquished.

Vanquished Creatures (others)
  A human (D:6)
  2 orcs (D:6)
3 creatures vanquished.

Grand Total: 289 creatures vanquished

Table legend:
 A = Non-vault XP
 B = Vault XP
 C = Vault XP percentage of total XP
 D = Non-vault monster count
 E = Vault monster count
 F = Vault count percentage of total count
                 A         B        C        D         E       F
            +---------+---------+-------+---------+---------+-------
      Total |    6623 |   11808 |  64.1 |     216 |      71 |  24.7
            +---------+---------+-------+---------+---------+-------
        D:1 |      70 |       6 |   7.9 |      26 |       3 |  10.3
        D:2 |      18 |      70 |  79.5 |       9 |      10 |  52.6
        D:3 |     350 |      10 |   2.8 |      25 |      10 |  28.6
        D:4 |     428 |       0 |   0.0 |      23 |       0 |   0.0
        D:5 |     574 |     296 |  34.0 |      23 |       8 |  25.8
        D:6 |    1193 |     172 |  12.6 |      30 |       1 |   3.2
        D:7 |     944 |    2011 |  68.1 |      29 |      12 |  29.3
        D:8 |    1005 |     871 |  46.4 |      27 |       1 |   3.6
        D:9 |    2041 |    4775 |  70.1 |      24 |       7 |  22.6
     Bailey |       0 |    3597 | 100.0 |       0 |      19 | 100.0
            +---------+---------+-------+---------+---------+-------

Illustrated notes

Table legend:
 A = Kills in this place as a percentage of kills in entire the game.
 B = Kills by you in this place as a percentage of kills by you in the entire game.
 C = Kills by friends in this place as a percentage of kills by friends in the entire game.
 D = Other kills in this place as a percentage of other kills in the entire game.
 E = Experience gained in this place as a percentage of experience gained in the entire game.
 F = Experience gained in this place divided by the number of levels of this place that you have seen.
                   A       B       C       D       E      F
               +-------+-------+-------+-------+-------+----------------------
         Total | 100.0 | 100.0 |   N/A | 100.0 | 100.0 | 1675.5
       Dungeon |  93.4 |  93.4 |   N/A | 100.0 |  80.5 | 1648.2
        Bailey |   6.6 |   6.6 |   N/A |   0.0 |  19.5 | 3597.0
               +-------+-------+-------+-------+-------+----------------------

Table legend: (Time is in decaauts)
 A = Elapsed time spent in this place.
 B = Non-inter-level travel time spent in this place.
 C = Inter-level travel time spent in this place.
 D = Time resting spent in this place.
 E = Time spent auto-exploring this place.
 F = Levels seen in this place.
 G = Mean time per level.
                   A        B        C        D        E       F      G
               +--------+--------+--------+--------+--------+-----+--------+
         Total |  16747 |  15888 |    859 |   7662 |   4364 |  11 | 1522.5 |
       Dungeon |  15640 |  14793 |    847 |   7021 |   4292 |   9 | 1737.8 |
        Temple |    256 |    244 |     12 |    197 |     36 |   1 |  256.0 |
        Bailey |    850 |    850 |      0 |    444 |     35 |   1 |  850.0 |
               +--------+--------+--------+--------+--------+-----+--------+

Top non-repeatable levels by time:
     D:1: 2328 daAuts
     D:3: 2299 daAuts
     D:5: 2129 daAuts
     D:9: 1811 daAuts
     D:4: 1631 daAuts
     D:2: 1610 daAuts
     D:7: 1542 daAuts
     D:6: 1397 daAuts
     D:8: 888 daAuts
  Bailey: 850 daAuts
  Temple: 256 daAuts
